 Dungeon Crawl Stone Soup version 0.25.0-1-g7eea58d (webtiles) character file.

Game seed: 1534840122768656452

1590 Faca the Spear-Bearer (level 8, -12/69 HPs)
             Began as a Merfolk Gladiator on June 13, 2020.
             Killed from afar by a deep elf mage (25 damage)
             ... with a bolt of lightning
             ... on level 6 of the Dungeon.
             The game lasted 00:12:05 (5333 turns).

Faca the Spear-Bearer (Merfolk Gladiator)           Turns: 5333, Time: 00:12:06

Health: -12/69     AC: 11    Str: 17    XL:     8   Next: 92%
Magic:  8/8        EV: 11    Int:  7    God:
Gold:   414        SH:  3    Dex: 15    Spells: 7/7 levels left

rFire    . . .     SeeInvis .   n - +4 trident
rCold    + . .     Gourm    .   i - +0 buckler
rNeg     . . .     Faith    .   b - +2 scale mail {rC+}
rPois    .         Spirit   .   c - +1 helmet
rElec    .         Reflect  .   a - +0 cloak
rCorr    .         Harm     .   (no gloves)
MR       .....                  (no boots)
Stlth    ..........             q - amulet of regeneration
HPRegen  0.61/turn              l - ring of attention (curse)
MPRegen  0.11/turn              (no ring)

@: no status effects
A: change form in water, swift swim, stealthy swim
a: no special abilities


You were on level 6 of the Dungeon.
You were not hungry.

You visited 2 branches of the dungeon, and saw 7 of its levels.

You collected 414 gold pieces.

Inventory:

Hand Weapons
 n - a +4 trident (weapon)
Missiles
 d - 2 throwing nets (quivered)
Armour
 a - a +0 cloak (worn)
 b - a +2 scale mail of cold resistance (worn)
 c - a +1 helmet (worn)
 i - a +0 buckler (worn)
Jewellery
 l - a cursed ring of attention (left hand)
 q - an amulet of regeneration (around neck)
Wands
 y - a wand of polymorph (4)
Scrolls
 j - 2 scrolls of teleportation
 k - 3 scrolls of enchant weapon
 r - a scroll of enchant armour
 u - a scroll of magic mapping
 x - 2 scrolls of fear
Potions
 e - a potion of flight
 g - 3 potions of might
 h - a potion of lignification
 m - 3 potions of curing
 o - 3 potions of brilliance {unknown}
 p - 2 potions of heal wounds {unknown}
 s - a potion of invisibility
 t - a potion of cancellation
 w - a potion of magic {unknown}
Comestibles
 f - 14 rations


   Skills:
 + Level 8.7 Fighting
 + Level 11.6 Polearms
 - Level 2.0 Throwing
 - Level 4.0 Dodging


You had 7 spell levels left.
You didn't know any spells.
Your spell library was empty.

Dungeon Overview and Level Annotations

Branches:
Dungeon (6/15)             Temple (1/1) D:4

Altars:
Ashenzari
Cheibriados
Dithmenos
Fedhas
Gozag
Hepliaklqana
Kikubaaqudgha
Nemelex Xobeh
Qazlal
Ru
Sif Muna
Trog
Uskayaw
Wu Jian
Xom
Yredelemnul
The Shining One

Shops:
D:4 !


Message History

Press: ? - help, Shift-Dir - straight line, f - deep elf mage
Aim: a deep elf mage, wielding a +0 short sword and wearing a cursed +0 leather armour You throw a throwing net.
The throwing net barely misses the deep elf mage.
The deep elf mage gestures at you while chanting.
The bolt of lightning hits you!!!
Ouch! That really hurt!
Throwing (i - inventory)
d - 3 throwing nets (quivered)
Press: ? - help, Shift-Dir - straight line, f/p - deep elf mage
Aim: a deep elf mage, wielding a +0 short sword and wearing a cursed +0 leather armour You throw a throwing net.
The throwing net hits the deep elf mage.
The deep elf mage is caught in the net!
The deep elf mage gestures at you while chanting.
The bolt of lightning hits you!
* * * LOW HITPOINT WARNING * * *
The deep elf mage struggles against the net.
The deep elf mage points at you and mumbles some strange words.
The bolt of lightning hits you!!
You die...

##..# #... #.... #.8### +++ ##
#.... ####.... 8.? .# #....
....... ... .# #.... #.... $..
.## ...## #..8######''' ..# #..#
#........... ..# #.@##
#......e.... #### ##..#
#.########## ...#### #..#
#........... ##....####
#..####...#.......
####....#######.....e.########..
###.....#......e....## ###
####...............##
##...............#
#.....<..........#


You could see a deep elf mage (caught).

Vanquished Creatures
  Duvessa (D:6)
  A phantom (D:6)
  A sky beast (D:6)
  2 ogres
  A necrophage (D:6)
  A crocodile (D:6)
  2 big kobolds (D:6)
  A bullfrog (D:6)
  Dowan (D:6)
  A scorpion (D:5)
  A wight (D:6)
  A crimson imp (D:5)
  A jelly (D:6)
  2 orc priests
  Crazy Yiuf (D:2)
  2 hounds (D:6)
  5 orc wizards
  A worker ant (D:4)
  3 gnolls (D:4)
  2 howler monkey skeletons
  6 adders
  5 oozes
  An adder skeleton (D:4)
  4 worms
  2 dart slugs
  5 leopard geckos
  28 orcs
  4 giant cockroaches
  11 goblins
  5 hobgoblins
  7 jackals
  4 quokkas
  2 ball pythons
  11 bats
  5 frilled lizards
  8 kobolds
  A leopard gecko skeleton (D:6)
  A quokka skeleton (D:6)
  7 rats
148 creatures vanquished.

Vanquished Creatures (others)
  An ogre (D:6)
  A bullfrog (D:6)
  A hound (D:6)
  A leopard gecko (D:6)
  2 orcs (D:6)
6 creatures vanquished.

Grand Total: 154 creatures vanquished

Notes
Turn   | Place    | Note
-------+----------+-------------------------------------------
     0 | D:1      | Faca the Merfolk Gladiator began the quest for the Orb.
     0 | D:1      | Reached XP level 1. HP: 16/16 MP: 1/1
   168 | D:1      | Reached XP level 2. HP: 23/23 MP: 2/2
   314 | D:1      | Reached skill level 5 in Polearms
   537 | D:1      | Reached XP level 3. HP: 29/29 MP: 3/3
  1121 | D:2      | Found a shattered altar of Ashenzari.
  1161 | D:2      | Found a runed translucent door.
  1162 | D:2      | Noticed Crazy Yiuf
  1268 | D:2      | Reached XP level 4. HP: 35/35 MP: 4/4
  1433 | D:2      | Reached skill level 6 in Polearms
  1726 | D:2      | Killed Crazy Yiuf
  1861 | D:3      | Reached XP level 5. HP: 42/42 MP: 5/5
  2097 | D:3      | Found a shadowy altar of Dithmenos.
  2110 | D:3      | Reached skill level 7 in Polearms
  2826 | D:4      | Reached XP level 6. HP: 47/50 MP: 6/6
  2851 | D:4      | Reached skill level 5 in Fighting
  2883 | D:4      | Found Piclom's Distillery.
  3223 | D:4      | Reached skill level 8 in Polearms
  3280 | D:4      | Found a hazy altar of Hepliaklqana.
  3353 | D:4      | Reached XP level 7. HP: 31/57 MP: 7/7
  3547 | D:4      | Found an ornate altar of the Wu Jian Council.
  3894 | D:4      | Found a staircase to the Ecumenical Temple.
  3901 | Temple   | Entered the Ecumenical Temple
  4128 | D:5      | Entered Level 5 of the Dungeon
  4229 | D:5      | Noticed a water elemental
  4230 | D:5      | Found a stormy altar of Qazlal.
  4234 | D:5      | Noticed a fire elemental
  4235 | D:5      | Noticed an air elemental
  4295 | D:5      | Reached skill level 9 in Polearms
  4665 | D:6      | Reached XP level 8. HP: 60/67 MP: 8/8
  4735 | D:6      | Reached skill level 10 in Polearms
  4778 | D:6      | Noticed a deep elf mage
  4994 | D:6      | Noticed Duvessa
  5004 | D:6      | Noticed Dowan
  5019 | D:6      | Killed Duvessa
  5028 | D:6      | Killed Dowan
  5054 | D:6      | Reached skill level 11 in Polearms
  5139 | D:6      | Found a shimmering altar of Xom.
  5333 | D:6      | Killed from afar by a deep elf mage

Illustrated notes

Levels and vault maps discovered:
D:1:      minmay_arrival_stair_chambers, layout_basic, minmay_tetromino_l2
D:2:      layout_rooms, kennysheep_crisscross, nrook_mini_vaults,
          nicolae_ashenzari_panopticon, uniq_crazy_yiuf_cottage
D:3:      minmay_chambers_of_twos, layout_loops_ring, grunt_dithmenos_smoke
D:4:      layout_basic, overflow_temple_1_default, kennysheep_little_box,
          minmay_temple_entry_nine_rooms, serial_shops, nicolae_shop_trees
D:5:      layout_rooms, nicolae_qazlal_style_of_elements, first_ration
D:6:      layout_cave_pods, xom_confusion_cloud, guppyfry_early_elven_hall,
          uniq_duvessa
Temple:   nicolae_temple_god_jail

Skill      XL: |  1  2  3  4  5  6  7  8 |
---------------+-------------------------+-----
Polearms       | 5 6 7 8 9 11 | 11.6
Fighting       | 3 4 5 7 8 |  8.7
Throwing       | |  2.0
Dodging        | |  4.0

Action                   |  1- 3 |  4- 6 |  7- 9 || total
-------------------------+-------+-------+-------++-------
Melee: Trident           |   123 |   186 |   188 ||   497
Throw: Throwing net      |       |       |     2 ||     2
  Use: Scroll            |     5 |     8 |     2 ||    15
       Potion            |       |       |     1 ||     1
 Stab: Sleeping          |     1 |       |       ||     1
       Invisible         |       |       |     8 ||     8
  Eat: Chunk             |     1 |     7 |     6 ||    14
Armor: Leather armour    |    29 |       |       ||    29
       Scale mail        |     1 |    47 |    45 ||    93
       Skin              |       |       |     1 ||     1
Dodge: Dodged            |    91 |    50 |    62 ||   203
Block: Buckler           |       |    15 |    20 ||    35
